AoeStats
← TwiTch Control

Arena

506235248Analyzed
4v4 RM · 20d ago on Sep 12, 2026· 54m 6s· 8 players
Game mode
Random Map
Map size
Large (8 player)
Population
200
Speed
Normal
Resources
Standard
Victory
Conquest
Starting age
Dark Age
Ending age
Imperial Age
RankedLock teamsTeams togetherTeam positionsShared explorationLock speedFull tech treeHidden civsTurbo modeCheats
Victory
Defeat
🇵🇪 Khmer · Peru
823
+16
🇲🇽 Bengalis · Mexico
811
+16
🇬🇧 Bohemians · United Kingdom
759
+19
🇬🇧 Burgundians · United Kingdom
755
+19
🇮🇳 Franks · India
825
-18
🇪🇸 Vikings · Spain
821
-18
🇩🇪 Portuguese · Germany
814
-17
🇬🇧 Mongols · United Kingdom
810
-17
antpant1991
1:13 Loom
11:36 Feudal Age
16:32 Castle Age
17:03 Wheelbarrow
16:17 Double-Bit Axe
16:28 Fletching
18:31 Bow Saw
24:40 Hand Cart
26:02 Gold Mining
26:03 Stone Mining
27:00 Caravan
28:35 Horse Collar
32:17 Imperial Age
29:55 Bodkin Arrow
30:06 Scale Barding Armor
31:34 Padded Archer Armor
34:40 Chemistry
34:01 Ballistics
33:52 Fortified Wall
33:53 Masonry
33:39 Murder Holes
33:51 Bracer
35:36 Conscription
35:54 Hoardings
36:21 Bloodlines
36:12 Husbandry
36:42 Parthian Tactics
36:23 Thumb Ring
37:26 Elite Mangudai
41:11 Pikeman
41:52 Squires
41:17 Onager
43:13 Elite Skirmisher
51:24 Drill
51:05 Nomads
swa-lmhwra
11:32 Feudal Age
16:01 Castle Age
14:20 Double-Bit Axe
22:17 Loom
23:30 Gold Mining
23:32 Stone Mining
27:24 Gold Shaft Mining
27:32 Wheelbarrow
31:58 Imperial Age
30:03 Hand Cart
30:14 Husbandry
30:44 Forging
30:35 Scale Mail Armor
32:34 Iron Casting
32:14 Chain Mail Armor
32:05 Scale Barding Armor
32:10 Cavalier
34:01 Blast Furnace
33:32 Conscription
32:38 Elite Throwing Axeman
34:33 Plate Mail Armor
33:53 Paladin
42:52 Masonry
jens_steffen1
0:52 Loom
11:38 Feudal Age
13:00 Wheelbarrow
12:06 Horse Collar
12:33 Double-Bit Axe
13:31 Gold Mining
21:17 Castle Age
19:53 Stone Mining
21:00 Padded Archer Armor
20:50 Fletching
22:22 Bow Saw
22:32 Hand Cart
22:03 Town Watch
22:28 Heavy Plow
25:48 Fervor
25:28 Treadmill Crane
25:54 Town Patrol
27:04 Ballistics
32:39 Imperial Age
31:04 Caravan
32:12 Masonry
32:55 Stone Shaft Mining
34:25 Chemistry
33:59 Fortified Wall
35:33 Sanctity
35:26 Redemption
35:16 Bodkin Arrow
36:58 Thumb Ring
39:08 Conscription
39:42 Arquebus
42:38 Elite Skirmisher
48:35 Theocracy
49:07 Elite Organ Gun
54:07 Two-Man Saw
53:38 Siege Engineers
spreweel
0:52 Loom
11:22 Feudal Age
12:15 Horse Collar
12:24 Double-Bit Axe
12:34 Gold Mining
12:40 Stone Mining
22:22 Castle Age
21:17 Scale Mail Armor
21:27 Forging
22:27 Fletching
22:37 Man-at-Arms
23:12 Gambesons
23:32 Heavy Plow
24:08 Bow Saw
23:53 Town Watch
25:14 Gold Shaft Mining
24:05 Long Swordsman
25:34 Arson
25:51 Squires
26:11 Chain Mail Armor
28:54 Scale Barding Armor
33:07 Iron Casting
32:28 Bodkin Arrow
33:58 Caravan
36:14 Chain Barding Armor
36:19 Masonry
41:08 Imperial Age
38:40 Town Patrol
38:35 Pikeman
41:12 Capped Ram
43:01 Blast Furnace
42:33 Plate Mail Armor
42:43 Hoardings
41:29 Elite Berserk
42:18 Chieftains
41:59 Siege Ram
42:07 Cavalier
44:29 Elite Berserk
45:11 Bogsveigar
45:41 Conscription
46:27 Architecture
48:16 Bracer
GEvans7
0:27 Loom
13:13 Feudal Age
13:49 Horse Collar
13:59 Double-Bit Axe
15:36 Wheelbarrow
20:14 Castle Age
21:03 Heavy Plow
21:17 Bow Saw
21:16 Pikeman
22:36 Forging
24:58 Iron Casting
25:03 Scale Mail Armor
25:56 Squires
25:42 Arson
26:39 Hand Cart
28:04 Chain Mail Armor
30:09 Ballistics
30:26 Sanctity
30:17 Fervor
30:27 Caravan
34:14 Imperial Age
32:46 Fortified Wall
32:34 Murder Holes
32:51 Masonry
32:22 Treadmill Crane
33:50 Wagenburg Tactics
34:46 Elite Hussite Wagon
35:49 Conscription
36:33 Chemistry
35:19 Arrowslits
35:43 Siege Engineers
35:53 Town Watch
38:57 Elite Skirmisher
39:42 Padded Archer Armor
39:34 Fletching
41:09 Two-Man Saw
41:22 Leather Archer Armor
41:03 Bodkin Arrow
43:03 Ring Archer Armor
43:35 Blast Furnace
43:06 Plate Mail Armor
42:00 Halberdier
43:07 Houfnice
46:51 Bracer
TwiTch Control
2:19 Loom
12:48 Feudal Age
13:18 Wheelbarrow
16:00 Hand Cart
19:40 Caravan
22:22 Castle Age
20:27 Gold Mining
20:48 Double-Bit Axe
25:38 Stone Mining
25:49 Horse Collar
28:38 Bow Saw
30:49 Fortified Wall
30:06 Man-at-Arms
32:38 Heavy Plow
32:44 Scale Mail Armor
33:10 Treadmill Crane
33:41 Masonry
33:10 Long Swordsman
33:55 Squires
34:30 Guilds
35:30 Padded Archer Armor
35:47 Chain Mail Armor
37:03 Leather Archer Armor
37:15 Elite Skirmisher
40:39 Imperial Age
43:34 Gold Shaft Mining
42:55 Elite Coustillier
46:30 Ballistics
46:41 Architecture
49:48 Cavalier
50:31 Husbandry
52:23 Paladin
53:51 Scale Barding Armor
53:57 Forging
Darknar626
4:43 Loom
12:11 Feudal Age
13:13 Horse Collar
13:21 Double-Bit Axe
18:29 Wheelbarrow
21:23 Castle Age
20:47 Gold Mining
21:28 Pikeman
22:13 Squires
26:58 Fletching
30:23 Imperial Age
28:58 Forging
28:49 Scale Mail Armor
30:46 Bow Saw
31:33 Halberdier
32:07 Town Watch
34:16 Chemistry
34:36 Padded Archer Armor
35:12 Iron Casting
35:15 Stone Mining
38:50 Blast Furnace
38:05 Chain Mail Armor
38:05 Leather Archer Armor
40:07 Bodkin Arrow
40:41 Hand Cart
42:08 Gold Shaft Mining
44:00 Two-Man Saw
42:55 Man-at-Arms
43:21 Gambesons
44:49 Ring Archer Armor
44:45 Caravan
45:48 Ballistics
45:25 Murder Holes
45:18 Long Swordsman
45:44 Arson
46:31 Siege Elephant
47:39 Elite Ratha (Ranged)
48:40 Conscription
49:01 Two-Handed Swordsman
50:06 Siege Engineers
50:12 Masonry
49:42 Treadmill Crane
50:11 Paiks
51:55 Heavy Scorpion
52:42 Bracer
53:35 Town Patrol
53:42 Heavy Plow
Yo Pe
10:12 Feudal Age
8:55 Loom
14:04 Castle Age
13:02 Double-Bit Axe
21:31 Bow Saw
21:38 Gold Mining
21:40 Stone Mining
22:30 Town Watch
24:45 Town Patrol
25:22 Wheelbarrow
25:04 Horse Collar
26:37 Gold Shaft Mining
27:34 Hand Cart
28:01 Heavy Plow
28:05 Caravan
29:11 Stone Shaft Mining
32:23 Imperial Age
32:15 Ballistics
31:45 Heated Shot
32:03 Scale Barding Armor
32:09 Forging
31:49 Fletching
32:01 Scale Mail Armor
32:02 Padded Archer Armor
32:14 Masonry
32:00 Murder Holes
32:15 Fortified Wall
31:56 Guard Tower
32:50 Heavy Scorpion
34:20 Crop Rotation
34:26 Chain Barding Armor
34:42 Iron Casting
34:49 Siege Engineers
35:45 Chemistry
35:32 Double Crossbow
36:51 Architecture
36:19 Bodkin Arrow
36:52 Conscription
36:29 Light Cavalry
37:13 Husbandry
37:26 Bloodlines
37:44 Sappers
38:50 Hoardings
38:03 Hussar
42:36 Plate Barding Armor
42:39 Keep
42:47 Cavalier
44:47 Bracer
51:21 Blast Furnace
50:37 Chain Mail Armor
50:37 Leather Archer Armor
Connection lost

Rejoining the realm…

Still unreachable

The connection could not be restored.

Session expired

The server has moved on; the page needs a fresh start.